 Dungeon Crawl Stone Soup version 0.24-a0-789-g35933f4585 (webtiles) character file.

Game seed: 16373955358106044, levelgen mode: deterministic

261078 Johnny the Maledictor (level 18, -16/149 HPs)
             Began as a Demigod Earth Elementalist on Oct 10, 2019.
             Demolished by a caustic shrike (33 damage)
             ... on level 2 of the Depths.
             The game lasted 01:51:10 (47976 turns).

Johnny the Maledictor (Demigod Earth Elementalist) Turns: 47976, Time: 01:51:11

Health: -16/149    AC: 13    Str: 19    XL:     18   Next: 85%
Magic:  12/57      EV: 27    Int: 36    God:
Gold:   620        SH:  0    Dex: 23    Spells: 3/39 levels left

rFire    + . .     SeeInvis .   O - +7 lajatang of Dishonour {pain, rPois rC+}
rCold    + . .     Gourm    .   (shield currently unavailable)
rNeg     + . .     Faith    .   J - +4 troll leather armour
rPois    +         Spirit   .   A - +3 hat of Pondering {ponderous, MR+ MP+10 Int+5}
rElec    .         Reflect  .   j - +1 cloak {+Inv}
rCorr    .         Harm     .   D - +1 pair of gloves {archery}
MR       ++...                  G - +1 pair of boots {Stlth+}
Stlth    +++.......             s - amulet of Naesol {RegenMP rPois}
HPRegen  0.74/turn              i - ring of Uchy {rPois rN+}
MPRegen  0.60/turn              r - ring "Pynuicwa" {MP+9 Str+8}

@: agile, silence, corroded, slow
A: repulsion field 1, agile 1, fire resistance 1, high mp 1
}: 1/15 runes: barnacled
a: Evoke Invisibility


You were on level 2 of the Depths.
You were not hungry.

You visited 7 branches of the dungeon, and saw 36 of its levels.
You also visited: Gauntlet, Ice Cave and Desolation.

You collected 3576 gold pieces.
You spent 2956 gold pieces at shops.

Inventory:

Hand Weapons
 v - the cursed +1 rapier of the Eternal Warrior {elec, rPois}
   (You found it on level 2 of the Shoals)

   Occasionally, upon striking a foe, it will discharge some electrical energy
   and cause terrible harm.
   It protects you from poison.
   It has a curse placed upon it.
 O - the +7 lajatang of Dishonour (weapon) {pain, rPois rC+}
   (You found it on level 4 of the Lair of Beasts)

   In the hands of one skilled in necromantic magic, it inflicts extra damage on
   living creatures.
   It protects you from cold.
   It protects you from poison.
Missiles
 B - 570 stones (quivered)
Armour
 j - a +1 cloak of invisibility (worn)
 A - the +3 hat of Pondering (worn) {ponderous, MR+ MP+10 Int+5}
   (You took it off Gastronok on level 8 of the Dungeon)

   It affects your intelligence (+5).
   It affects your resistance to hostile enchantments.
   It affects your magic capacity (+10).
 C - a +2 cloak
 D - a +1 pair of gloves of archery (worn)
 G - a +1 pair of boots of stealth (worn)
 J - a +4 troll leather armour (worn)
Magical Staves
 E - an uncursed staff of earth
 X - an uncursed staff of wizardry
Jewellery
 f - a +5 ring of intelligence
 i - the ring of Uchy (left hand) {rPois rN+}
   (You took it off a minotaur in a Gauntlet)

   [ring of poison resistance]

   It protects you from poison.
   It protects you from negative energy.
 r - the ring "Pynuicwa" (right hand) {MP+9 Str+8}
   (You found it on level 6 of the Dungeon)

   [ring of magical power]

   It affects your strength (+8).
   It affects your magic capacity (+9).
 s - the amulet of Naesol (around neck) {RegenMP rPois}
   (You bought it in a shop on level 2 of the Elven Halls)

   [amulet of magic regeneration]

   It increases your magic regeneration.
   It protects you from poison.
 z - the ring "Idwixtus" {Ice +Inv Str+7 Int+3 Dex-2}
   (You found it in a Gauntlet)

   [ring of ice]

   It enhances your ice magic.
   It affects your strength (+7).
   It affects your intelligence (+3).
   It affects your dexterity (-2).
   It makes you vulnerable to fire.
   It protects you from cold.
   It lets you turn invisible.
 I - an uncursed ring of resist corrosion
 U - the ring "Loefuwk" {+Inv rElec Str+2 Dex+2 Stlth-}
   (You took it off a deep elf elementalist on level 3 of the Elven Halls)

   [ring of strength]

   It affects your strength (+2).
   It affects your dexterity (+2).
   It insulates you from electricity.
   It lets you turn invisible.
   It makes you less stealthy.
Wands
 m - a wand of acid (10)
 H - a wand of scattershot (3)
 M - a wand of clouds (4)
Scrolls
 a - 10 scrolls of fog
 b - 6 scrolls of immolation
 g - 16 scrolls of remove curse
 n - 5 scrolls of torment
 p - 11 scrolls of teleportation
 q - 3 scrolls of enchant weapon
 t - 3 scrolls of holy word
 u - 6 scrolls of vulnerability
 x - 6 scrolls of magic mapping
 y - a scroll of silence
 T - a scroll of summoning
Potions
 c - 8 potions of curing
 e - a potion of berserk rage
 k - 3 potions of cancellation
 l - 9 potions of flight
 o - 4 potions of brilliance
 w - 4 potions of mutation
 K - 2 potions of might
 L - 9 potions of lignification
 N - a potion of ambrosia
 P - 3 potions of magic
 Y - 2 potions of haste
Miscellaneous
 Q - a box of beasts
 S - a lamp of fire
 V - a phial of floods
Comestibles
 d - 14 rations


   Skills:
 - Level 10.4 Fighting
 - Level 9.6 Dodging
 - Level 1.7 Stealth
 + Level 11.1 Spellcasting
 - Level 21.1 Hexes
 - Level 4.4 Necromancy
 + Level 1.1 Translocations
 - Level 0.8 Transmutations
 * Level 15.8 Earth Magic


You had 3 spell levels left.
You knew the following spells:

 Your Spells              Type           Power        Failure   Level  Hunger
a - Sandblast             Erth           ######       0%          1    None
b - Stone Arrow           Conj/Erth      ######       1%          3    None
c - Lee's Rapid Deconstr  Erth           #######...   1%          5    None
d - Petrify               Tmut/Erth      ######..     1%          4    None
e - Blink                 Tloc           N/A          2%          2    None
f - Discord               Hex            ########..   2%          8    #######
g - Passwall              Tmut/Erth      ######..     1%          2    None
h - Sublimation of Blood  Necr           ######....   1%          2    None
i - Regeneration          Chrm/Necr      #####.....   3%          3    None
j - Statue Form           Tmut/Erth      ######...    12%         6    ####...

Your spell library contained the following spells:

 Spells                   Type           Power        Failure   Level  Hunger
 Corpse Rot               Necr           N/A          1%          2    None
 Dazzling Spray           Conj/Hex       ######       1%          3    None
 Inner Flame              Hex/Fire       #######.     1%          3    None
 Spectral Weapon          Hex/Chrm       #######.     1%          3    None
 Flame Tongue             Conj/Fire      ###..        2%          1    None
 Freeze                   Ice            ###.         2%          1    None
 Infusion                 Chrm           ###.         2%          1    None
 Magic Dart               Conj           ###.         2%          1    None
 Shock                    Conj/Air       ###.         2%          1    None
 Sting                    Conj/Pois      ###.         2%          1    None
 Summon Butterflies       Summ           ###.....     2%          1    None
 Poisonous Vapours        Pois/Air       ###...       3%          2    None
 Searing Ray              Conj           ###...       3%          2    None
 Shroud of Golubria       Chrm/Tloc      ###...       3%          2    None
 Song of Slaying          Chrm           ###.....     3%          2    None
 Swiftness                Chrm/Air       ###.....     3%          2    None
 Throw Flame              Conj/Fire      ###...       3%          2    None
 Gell's Gravitas          Tloc           ####......   4%          3    None
 Lesser Beckoning         Tloc           ####......   4%          3    None
 Teleport Other           Tloc           ####....     4%          3    None
 Recall                   Summ/Tloc      N/A          6%          3    None
 Conjure Flame            Conj/Fire      ###.....     8%          3    None
 Mephitic Cloud           Conj/Pois/Air  ###.....     8%          3    None
 Static Discharge         Conj/Air       ###.....     8%          3    None
 Cause Fear               Hex            ########..   0%          4    None
 Leda's Liquefaction      Hex/Erth       ########..   0%          4    None
 Fulminant Prism          Conj/Hex       #######...   1%          4    None
 Silence                  Hex/Air        #######...   1%          5    None
 Yara's Violent Unravell  Hex/Tmut       #######...   1%          5    None
 Darkness                 Hex            ########..   1%          6    ####...
 Invisibility             Hex            ########     1%          6    ####...
 Bolt of Magma            Conj/Fire/Erth ######....   8%          5    None
 Agony                    Necr           ######..     11%         5    None
 Dispel Undead            Necr           ######..     11%         5    None
 Iron Shot                Conj/Erth      ######....   14%         6    ####...
 Passage of Golubria      Tloc           N/A          16%         4    None
 Force Lance              Conj/Tloc      ###.....     21%         4    None
 Airstrike                Air            ###.......   24%         4    None
 Iskenderun's Mystic Bla  Conj           ###.....     24%         4    None
 Olgreb's Toxic Radiance  Pois           ###.....     24%         4    None
 Sticky Flame             Conj/Fire      ###.....     24%         4    None
 Summon Lightning Spire   Summ/Air       ###.....     24%         4    None
 Throw Icicle             Conj/Ice       ###.....     24%         4    None
 Bolt of Draining         Conj/Necr      #####.....   26%         5    None
 Excruciating Wounds      Chrm/Necr      #####.....   26%         5    None
 Fireball                 Conj/Fire      ###.......   56%         5    None
 Iskenderun's Battlesphe  Conj/Chrm      ###.....     56%         5    None
 Lightning Bolt           Conj/Air       ###.......   56%         5    None
 Venom Bolt               Conj/Pois      ###.......   56%         5    None
 Conjure Ball Lightning   Conj/Air       ###.......   98%         6    ####...
 Deflect Missiles         Chrm/Air       ###.......   98%         6    ####...
 Shadow Creatures         Summ           N/A          98%         6    ####...
 Shatter                  Erth           #######...   98%         9    #######
 Tornado                  Air            ###.......   100%        9    #######


Dungeon Overview and Level Annotations

Branches:
Dungeon (15/15)            Temple (0/1) D:5            Lair (6/6) D:8
 Shoals (4/4) Lair:2       Spider (4/4) Lair:2        Slime (0/5) Lair:5
    Orc (2/2) D:10            Elf (3/3) Orc:2        Vaults (0/5) D:13
 Depths (2/5) D:15          IceCv (visited)         Desolation (visited)
Gauntlet (visited)

Shops:
D:4 (   D:5 ?   D:10 }*   Orc:2 ?((*   Elf:2 =*   Elf:3 !   Shoals:1 %
Depths:1 (*[

Portals:
Hell: Depths:1 Depths:2

Annotations:
Lair:1 3 runed translucent doors, Ylyqemot's ghost, journeyman DEFE
Depths:2 Jeurphysk's ghost, adept GrEE


Innate Abilities, Weirdness & Mutations

You have an increased reservoir of magic. (+10% MP)
You are surrounded by a mild repulsion field. (EV +2)
You are agile. (Dex +2)
Your flesh is heat resistant. (rF+)


Message History

The caustic shrike completely misses you.
The ice dragon completely misses you. x2; The ice dragon barely misses you.
Something hits you.
* * * LOW HITPOINT WARNING * * *
Something bites you!
* * * LOW HITPOINT WARNING * * *
The caustic shrike closely misses you.
Unknown command.
Unknown command.
Unknown command.
You feel much better. The caustic shrike claws you!
* * * LOW HITPOINT WARNING * * *
You are splashed with acid!
* * * LOW HITPOINT WARNING * * *
The caustic shrike claws you but does no damage.
The ice dragon closely misses you.
The ice dragon claws you but does no damage.
The ice dragon barely misses you. Something completely misses you.
Something barely misses you. The caustic shrike claws you!!
You die...

#...#.....#..#.....#..#
#...#.....#..#.....#..#
#...##....#..#.[(###÷.#
#...###...#..#...# #..#
#...####..#..#...###..#
#...#.....#..#.)...#..#
##########...#.....#..#...).#..#
.............#..8b)#..#..⌠..#..#
.##########..#.C@..#÷.#.....#..#
....#..## #..#.D...#..#.....#..#
........###..#.C####..###...#..#
...##........#.. #..# #...#..#
.##.....##...#.. #..###...#..#
........##...#.. #..#.....#..#
........##...#.. #..#.....#..#
.##..........#.. #..#.....#..#
.##.......#..# #..####'##.^#


You could see a frost giant, a fire giant, an ice dragon and a neutral caustic
shrike (insane).

Vanquished Creatures
  Jorgrun (D:13)
  2 deep elf master archers (Elf:3)
  3 deep elf blademasters
  Polyphemus (Shoals:4)
  Gastronok (D:8)
  Kirke (Spider:1)
  A sphinx (Depths:2)
  Roxanne (D:15)
  Donald (Shoals:2)
  4 deep elf sorcerers (Elf:3)
  3 emperor scorpions
  2 frost giants
  Aizul (Spider:3)
  2 orc warlords
  5 deep elf elementalists
  6 very ugly things
  3 entropy weavers
  4 stone giants
  A minotaur (Gauntlet)
  6 deep elf annihilators (Elf:3)
  7 deep elf demonologists
  2 spark wasps
  A halazid warlock (Desolation)
  Azrael (D:13)
  3 merfolk javelineers
  3 ettins
  4 merfolk impalers
  4 deep elf death magi (Elf:3)
  3 ragged hierophants
  2 deep elf high priests (Elf:3)
  10 hydras
  An ice dragon (Lair:1)
  A peacekeeper (Desolation)
  A death knight (D:11)
  A catoblepas (Lair:6)
  Erica (D:8)
  A merfolk avatar (Shoals:1)
  3 centaur warriors
  An alligator snapping turtle (Shoals:2)
  30 dancing weapons
  3 ogre magi (Orc:2)
  A deep troll shaman (Lair:6)
  17 two-headed ogres
  7 death yaks
  2 vampire magi
  A tengu warrior (D:15)
  A deep troll earth mage (Depths:2)
  Sonja (Orc:2)
  4 slime creatures
  An iron troll (Depths:2)
  13 deep elf knights
  A fire crab (Lair:6)
  A death drake (shapeshifter) (Depths:2)
  8 sea snakes
  3 wizards
  11 deep elf archers
  An orc knight (D:15)
  2 orb spiders (Spider:3)
  3 necromancers
  13 wolf spiders
  2 harpies
  2 fauns
  50 deep elf magi
  8 ugly things
  A shining eye (shapeshifter) (D:15)
  2 oklob plants
  A cyclops (D:11)
  10 manticores
  17 elephants
  2 large abominations (Gauntlet)
  4 water nymphs
  A guardian serpent (Desolation)
  A merfolk siren (Shoals:4)
  Joseph (D:9)
  2 gargoyles
  3 black mambas
  4 ice statues (IceCv)
  5 spiny frogs
  A kobold demonologist (D:12)
  2 demonic crawlers
  2 efreet
  A yaktaur (shapeshifter) (Elf:1)
  4 komodo dragons
  An acid dragon (D:15)
  9 ice devils
  A queen bee (D:8)
  A troll (shapeshifter) (D:13)
  11 merfolk
  12 trolls
  A polar bear (Lair:6)
  6 jumping spiders
  2 wind drakes
  2 hornets
  A blink frog (shapeshifter) (D:15)
  A dream sheep (Shoals:4)
  10 snapping turtles
  9 hippogriffs
  10 saltlings (Desolation)
  3 blink frogs (Lair:3)
  2 air elementals
  15 redbacks
  A spriggan zombie (Depths:2)
  3 shadows (Gauntlet)
  7 tarantellas
  A wraith (D:13)
  3 fire bats (Depths:1)
  5 water elementals
  6 wyverns
  28 yaks
  8 fire elementals
  2 basilisks
  A hungry ghost (D:13)
  15 vampire mosquitoes
  An acid dragon (shapeshifter) (D:15)
  3 wargs
  A soldier ant (shapeshifter) (D:15)
  7 water moccasins
  4 small abominations
  A soldier ant (D:14)
  A floating eye (shapeshifter) (D:15)
  4 porcupines
  3 hell hounds
  26 orc warriors
  4 ice beasts
  5 sky beasts
  An eye of draining (D:14)
  3 black bears
  An eye of draining (shapeshifter) (D:15)
  4 necrophages
  23 ogres
  5 boggarts (D:15)
  A phantom (D:7)
  17 wolves
  12 centaurs
  3 big kobolds
  Blork the orc (D:4)
  15 crocodiles
  16 bullfrogs
  3 wyvern zombies
  3 earth elementals
  2 wyvern skeletons
  3 scorpions
  29 killer bees
  16 wights
  5 howler monkeys
  2 electric eels
  A lava snake (D:13)
  A bullfrog zombie (D:9)
  A wyvern simulacrum (D:14)
  7 crimson imps
  A draconian simulacrum (IceCv)
  9 hounds
  3 jellies
  15 orc priests
  2 gnoll shamans
  Crazy Yiuf (D:7)
  4 bullfrog skeletons
  A centaur skeleton (D:6)
  3 iguanas
  30 orc wizards
  6 worker ants
  3 troll simulacra (IceCv)
  A hell rat (D:8)
  3 spriggan simulacra
  A hound zombie (D:7)
  A hound skeleton (D:7)
  A howler monkey zombie (D:5)
  A worker ant zombie (D:6)
  18 adders
  15 gnolls
  4 ogre simulacra (IceCv)
  A naga simulacrum (IceCv)
  4 river rats (D:8)
  3 shadow imps
  An adder skeleton (D:3)
  5 worms
  A dart slug (D:3)
  2 leopard geckos
  104 orcs
  A ball python (D:2)
  10 bats
  A giant cockroach (D:3)
  8 goblins
  7 hobgoblins
  8 jackals
  18 kobolds
  9 quokkas
  10 frilled lizards
  2 leopard gecko skeletons
  A quokka skeleton (D:8)
  13 rats
  A bush (Lair:4)
  2 crawling corpses (Elf:3)
  2 fungi
  2 plants
1100 creatures vanquished.

Vanquished Creatures (collateral kills)
  A lich (Depths:2)
  An emperor scorpion (Spider:1)
  2 frost giants
  2 deep elf sorcerers (Elf:3)
  A fire giant (Depths:1)
  A deep elf elementalist (Elf:3)
  3 stone giants
  9 very ugly things
  2 deep elf demonologists (Elf:3)
  4 deep elf annihilators (Elf:3)
  A spark wasp (Depths:1)
  A deep elf death mage (Elf:3)
  5 merfolk impalers
  5 merfolk javelineers (Shoals:4)
  A yaktaur captain (Depths:2)
  A fire dragon (Depths:2)
  A servant of whispers (Desolation)
  A rakshasa (Depths:2)
  A merfolk avatar (Shoals:4)
  3 death yaks (Shoals:4)
  2 satyrs (Shoals:4)
  2 centaur warriors
  A deep troll earth mage (Depths:2)
  A deep troll shaman (Depths:2)
  2 deep elf knights
  An iron troll (Depths:2)
  5 sea snakes
  A glowing orange brain (Depths:1)
  A golden dragon skeleton (Depths:2)
  A flayed ghost (Depths:1)
  2 deep elf archers (Elf:3)
  A glowing orange brain (shapeshifter) (Depths:2)
  A harpy (shapeshifter) (Depths:2)
  5 harpies
  10 orb spiders
  5 deep elf magi
  3 fauns
  A stone giant zombie (Depths:2)
  5 ugly things
  6 wolf spiders
  2 cyclopes (Shoals:4)
  A manticore (Shoals:4)
  4 merfolk sirens
  3 water nymphs
  A small abomination (Elf:3)
  2 kobold demonologists (D:15)
  A komodo dragon (D:15)
  A yaktaur (Depths:2)
  2 demonic crawlers
  4 jumping spiders
  16 merfolk
  A wind drake (Shoals:1)
  A saltling (Desolation)
  2 hornets
  8 slime creatures
  4 snapping turtles
  2 dream sheep (Shoals:4)
  28 redbacks
  2 water elementals (Shoals:3)
  17 tarantellas
  5 hogs (Spider:1)
  5 vampire mosquitoes (D:15)
  An orc warrior (D:15)
  3 boggarts (Depths:1)
  2 centaurs
  A big kobold (D:15)
  A bullfrog (D:15)
  2 orcs (D:15)
  5 kobolds (D:15)
229 creatures vanquished.

Vanquished Creatures (others)
  A frost giant (Depths:2)
  2 deep elf demonologists (Elf:3)
  A deep elf death mage (Elf:3)
  2 deep elf high priests (Elf:3)
  A merfolk impaler (Shoals:4)
  A yaktaur captain (Depths:1)
  A servant of whispers (Desolation)
  A catoblepas (Shoals:4)
  4 deep elf knights
  A deep elf archer (Elf:2)
  2 wolf spiders (Spider:1)
  An ugly thing (Depths:2)
  A faun (Shoals:2)
  A merfolk siren (Shoals:4)
  A demonic crawler (Spider:4)
  A yaktaur (Depths:1)
  3 merfolk (Shoals:4)
  A polar bear (shapeshifter) (Depths:2)
  5 jumping spiders (Spider:1)
  A wind drake (Shoals:4)
  A snapping turtle (Shoals:4)
  4 tarantellas (Spider:2)
  7 redbacks
  A yak (D:13)
  A hog (Spider:1)
  An ogre (D:15)
  2 boggarts
  3 centaurs (Depths:2)
  A gnoll (Orc:2)
  A shadow imp (D:15)
  2 bushes
  A fire vortex (Lair:4)
  6 fungi (Lair:6)
  9 pillars of salt (Elf:1)
  6 plants
  8 toadstools (Lair:4)
86 creatures vanquished.

Grand Total: 1415 creatures vanquished

Notes
Turn   | Place    | Note
-------+----------+-------------------------------------------
     0 | D:1      | Johnny the Demigod Earth Elementalist began the quest for
                  | the Orb.
     0 | D:1      | Reached XP level 1. HP: 14/14 MP: 5/5
   282 | D:1      | You fall into a shaft and drop 1 floor!
   284 | D:2      | Reached XP level 2. HP: 22/22 MP: 4/7
   461 | D:1      | Reached skill level 1 in Fighting
   506 | D:1      | Reached XP level 3. HP: 28/28 MP: 8/8
  1740 | D:2      | Gained mutation: You are surrounded by a mild repulsion
                  | field. (EV +2) [potion of mutation]
  1740 | D:2      | Gained mutation: Your flesh is heat resistant. (rF+)
                  | [potion of mutation]
  1740 | D:2      | Gained mutation: You are agile. (Dex +2) [potion of
                  | mutation]
  2103 | D:2      | Reached XP level 4. HP: 35/35 MP: 8/10
  3123 | D:3      | Found a shattered altar of Ashenzari.
  3125 | D:3      | Found a glowing silver altar of Zin.
  3134 | D:3      | Found a radiant altar of Vehumet.
  3141 | D:3      | Found a bloodstained altar of Trog.
  3145 | D:3      | Found a hide-covered altar of Uskayaw.
  3151 | D:3      | Found a snail-covered altar of Cheibriados.
  3156 | D:3      | Found an opulent altar of Gozag.
  3252 | D:3      | Reached XP level 5. HP: 21/41 MP: 6/11
  4470 | D:4      | Learned a level 2 spell: Passwall
  4544 | D:4      | Learned a level 3 spell: Stone Arrow
  4624 | D:4      | Noticed Blork the orc
  4636 | D:4      | Killed Blork the orc
  4636 | D:4      | Reached XP level 6. HP: 39/50 MP: 5/13
  4763 | D:4      | Found Xepreud's Antique Weapon Boutique.
  5170 | D:4      | Found an iron altar of Okawaru.
  5218 | D:5      | Entered Level 5 of the Dungeon
  5241 | D:5      | Found Enudwid's Magic Scroll Shop.
  5250 | D:5      | Bought a scroll of identify for 20 gold pieces
  5250 | D:5      | Bought a scroll of identify for 20 gold pieces
  5250 | D:5      | Bought a scroll of teleportation for 30 gold pieces
  5250 | D:5      | Bought a scroll of blinking for 75 gold pieces
  5250 | D:5      | Bought a scroll of fear for 35 gold pieces
  5250 | D:5      | Bought a scroll of identify for 20 gold pieces
  5250 | D:5      | Bought a scroll of magic mapping for 35 gold pieces
  5366 | D:5      | Reached skill level 5 in Earth Magic
  5638 | D:6      | Reached XP level 7. HP: 57/57 MP: 12/15
  5662 | D:5      | Learned a level 5 spell: Lee's Rapid Deconstruction
  5746 | D:6      | Got a steaming lapis lazuli ring
  6145 | D:6      | Reached XP level 8. HP: 66/66 MP: 15/17
  6169 | D:6      | Identified the ring "Pynuicwa" {MP+9 Str+8} (You found it
                  | on level 6 of the Dungeon)
  6474 | D:6      | Found a shimmering altar of Xom.
  6826 | D:5      | Found a staircase to the Ecumenical Temple.
  7294 | D:7      | Reached skill level 5 in Dodging
  8373 | D:7      | Found a shimmering blue altar of Sif Muna.
  8432 | D:7      | Found a runed translucent door.
  8433 | D:7      | Noticed Crazy Yiuf
  8678 | D:7      | Killed Crazy Yiuf
  8678 | D:7      | Reached XP level 9. HP: 73/73 MP: 19/19
  8832 | D:8      | Found a shadowy altar of Dithmenos.
  8844 | D:8      | Noticed Gastronok
  8923 | D:8      | Killed Gastronok
  8923 | D:8      | Reached skill level 5 in Fighting
  8923 | D:8      | Reached skill level 5 in Spellcasting
  9092 | D:8      | Noticed Erica
  9093 | D:8      | Found a blossoming altar of Fedhas.
  9119 | D:8      | Killed Erica
  9119 | D:8      | Reached XP level 10. HP: 56/83 MP: 22/22
  9176 | D:8      | Noticed a death yak
  9176 | D:8      | Noticed a death yak
  9177 | D:8      | Noticed a death yak
  9709 | D:8      | Found a staircase to the Lair.
  9721 | D:8      | Found a blossoming altar of Fedhas.
  9797 | D:9      | Found a burning altar of Makhleb.
  9798 | D:9      | Noticed Joseph
  9810 | D:9      | Killed Joseph
 10121 | D:9      | Learned a level 4 spell: Petrify
 10284 | D:9      | Reached skill level 10 in Earth Magic
 10578 | D:10     | Entered Level 10 of the Dungeon
 10734 | D:10     | Found Osiskir's Assorted Antiques.
 10795 | D:10     | Found a staircase to the Orcish Mines.
 11212 | D:10     | Bought a scroll of identify for 74 gold pieces
 11346 | D:10     | Found Teisuryoss's Gadget Boutique.
 11440 | D:11     | Noticed a manticore
 11444 | D:11     | Killed a manticore
 11623 | D:11     | Noticed a deep elf mage
 11626 | D:11     | Killed a deep elf mage
 11626 | D:11     | Reached XP level 11. HP: 92/92 MP: 25/25
 11928 | D:11     | Noticed a death knight
 11932 | D:11     | Killed a two-headed ogre
 11936 | D:11     | Killed a death knight
 12313 | D:11     | Noticed a four-headed hydra
 12320 | D:11     | Killed a four-headed hydra
 13456 | D:13     | Noticed a two-headed ogre
 13461 | D:13     | Killed a two-headed ogre
 13553 | D:13     | Noticed Jorgrun
 13748 | D:13     | Reached XP level 12. HP: 103/103 MP: 28/28
 13966 | D:13     | Killed Jorgrun
 14490 | D:13     | You fall into a shaft and drop 2 floors!
 14490 | D:15     | Entered Level 15 of the Dungeon
 14583 | D:15     | Noticed a centaur warrior
 14768 | D:15     | Found a frozen archway.
 14783 | IceCv    | Entered an ice cave
 15896 | IceCv    | Learned a level 8 spell: Discord
 16012 | D:14     | Reached skill level 1 in Hexes
 16220 | D:14     | Reached skill level 2 in Hexes
 16426 | D:14     | Noticed a centaur warrior
 16435 | D:14     | Killed a centaur warrior
 16473 | D:14     | Noticed a seven-headed hydra
 16480 | D:14     | Killed a seven-headed hydra
 16480 | D:14     | Reached skill level 3 in Hexes
 16480 | D:14     | Reached XP level 13. HP: 92/111 MP: 30/30
 16551 | D:14     | Reached skill level 4 in Hexes
 16738 | D:14     | Reached skill level 5 in Hexes
 16869 | D:14     | Got a distressingly furry robe
 16870 | D:14     | Identified the +1 robe "Usum" {rPois Int+3 Dex-5 Slay+3}
                  | (You found it on level 14 of the Dungeon)
 17037 | D:13     | Reached skill level 6 in Hexes
 17306 | D:13     | Found a gate to the Vaults.
 17515 | D:13     | Reached skill level 7 in Hexes
 17787 | D:13     | Noticed Azrael
 17834 | D:13     | Reached skill level 8 in Hexes
 17861 | D:13     | Killed Azrael
 18539 | D:8      | Reached skill level 9 in Hexes
 18872 | Orc:1    | Entered Level 1 of the Orcish Mines
 19234 | Orc:2    | Entered Level 2 of the Orcish Mines
 19234 | Orc:2    | Noticed an orc warlord
 19245 | Orc:2    | Killed an orc warlord
 19325 | Orc:2    | Found a staircase to the Elven Halls.
 19455 | Orc:2    | Noticed Sonja
 19458 | Orc:2    | Killed Sonja
 19458 | Orc:2    | Reached skill level 10 in Hexes
 19462 | Orc:1    | Noticed an orc warlord
 19840 | Orc:2    | Reached skill level 11 in Hexes
 19848 | Orc:2    | Reached XP level 14. HP: 118/118 MP: 27/31
 20052 | Orc:2    | Found Kois's Weapon Shoppe.
 20052 | Orc:2    | Found Fong's Magic Scroll Shop.
 20053 | Orc:2    | Found Yviwnaus's Assorted Antiques.
 20053 | Orc:2    | Found Ylahuj's Weapon Shoppe.
 20339 | Orc:2    | Bought a scroll of immolation for 38 gold pieces
 20339 | Orc:2    | Bought a scroll of identify for 22 gold pieces
 20339 | Orc:2    | Bought a scroll of teleportation for 33 gold pieces
 20339 | Orc:2    | Bought a scroll of identify for 22 gold pieces
 20339 | Orc:2    | Bought a scroll of teleportation for 33 gold pieces
 20339 | Orc:2    | Bought a scroll of identify for 22 gold pieces
 20339 | Orc:2    | Bought a scroll of immolation for 38 gold pieces
 20341 | Orc:2    | Bought 8 stones for 8 gold pieces
 20351 | Orc:2    | Reached skill level 12 in Hexes
 21033 | Orc:1    | Killed an orc warlord
 21336 | Orc:1    | You fall into a shaft and drop 1 floor!
 21424 | Lair:1   | Entered Level 1 of the Lair of Beasts
 21869 | Lair:1   | Found a runed translucent gate.
 21869 | Lair:1   | Found a runed translucent gate.
 21869 | Lair:1   | Found a runed translucent gate.
 21871 | Lair:1   | Found a viscous altar of Jiyva.
 21871 | Lair:1   | Noticed Ylyqemot's ghost (journeyman DEFE)
 21932 | Lair:1   | You fall into a shaft and drop 1 floor!
 22369 | Lair:2   | Reached skill level 13 in Hexes
 22388 | Lair:2   | Found a hole to the Spider Nest.
 22490 | Lair:2   | Found a staircase to the Shoals.
 22918 | Lair:3   | Found a gate leading to a gauntlet.
 22931 | Gauntlet | Entered a Gauntlet
 22931 | Gauntlet | Found a transporter.
 22931 | Gauntlet | Found a transporter.
 22940 | Gauntlet | Found a runed translucent door.
 22952 | Gauntlet | Found a transporter.
 22955 | Gauntlet | Found a transporter.
 22966 | Gauntlet | Found a transporter.
 22967 | Gauntlet | Found a transporter.
 22975 | Gauntlet | Found a transporter.
 22991 | Gauntlet | Found a transporter.
 23005 | Gauntlet | Found a transporter.
 23009 | Gauntlet | Found a transporter.
 23013 | Gauntlet | Found a runed translucent door.
 23013 | Gauntlet | Found a runed translucent door.
 23017 | Gauntlet | Found a transporter.
 23021 | Gauntlet | Found a transporter.
 23378 | Gauntlet | Identified the ring of Uchy {rPois rN+}
 23494 | Gauntlet | Got a heavily runed golden ring
 23497 | Gauntlet | Identified the ring "Idwixtus" {Ice +Inv Str+7 Int+3 Dex-2}
                  | (You found it in a Gauntlet)
 25166 | Lair:4   | Got a brightly glowing lajatang
 25439 | Lair:4   | Found a blossoming altar of Fedhas.
 25917 | Lair:5   | Identified the +7 lajatang of Dishonour {pain, rPois rC+}
                  | (You found it on level 4 of the Lair of Beasts)
 26055 | Lair:5   | Reached skill level 14 in Hexes
 26240 | Lair:5   | Found a viscous altar of Jiyva.
 26240 | Lair:5   | Found a staircase to the Slime Pits.
 26682 | Lair:6   | Entered Level 6 of the Lair of Beasts
 27652 | Lair:6   | Reached XP level 15. HP: 124/124 MP: 32/32
 27669 | Lair:6   | Identified the Tome of Congealing Attacks
 27881 | Lair:6   | Reached skill level 15 in Hexes
 28051 | Lair:6   | Got a brightly glowing wooden ring
 28539 | Spider:1 | Entered Level 1 of the Spider Nest
 28987 | Spider:1 | Reached skill level 16 in Hexes
 29783 | Elf:1    | Entered Level 1 of the Elven Halls
 30184 | Elf:1    | Found a ruined gateway.
 30204 | Elf:1    | Reached skill level 17 in Hexes
 30271 | Desolati | Entered the Desolation of Salt
 31557 | Elf:1    | Reached XP level 16. HP: 117/132 MP: 33/33
 31981 | Elf:2    | Reached skill level 18 in Hexes
 32058 | Elf:2    | Found Sejoe's General Store.
 32058 | Elf:2    | Found Reghepn's Jewellery Emporium.
 32132 | Elf:2    | Bought the amulet of Naesol {RegenMP rPois} for 782 gold
                  | pieces
 32144 | Elf:2    | Bought a scroll of teleportation for 51 gold pieces
 32144 | Elf:2    | Bought a potion of magic for 136 gold pieces
 32367 | Elf:2    | Found a huge runed translucent gate.
 32367 | Elf:2    | Found a huge runed translucent gate.
 32367 | Elf:2    | Found a huge runed translucent gate.
 32367 | Elf:2    | Found a huge runed translucent gate.
 32367 | Elf:2    | Found a huge runed translucent gate.
 32669 | Elf:2    | Identified the ring of Immorality {Ice rPois MR++ Int-3
                  | Slay-2} (You found it on level 6 of the Lair of Beasts)
 32693 | Elf:2    | Noticed a deep elf blademaster
 32887 | Elf:2    | HP: 6/132 [+4 trident of piercing (1)]
 33199 | Elf:2    | Killed a deep elf blademaster
 33583 | Elf:3    | Entered Level 3 of the Elven Halls
 33586 | Elf:3    | Reached skill level 19 in Hexes
 33939 | Elf:3    | Noticed a Tzitzimitl
 34623 | Elf:3    | Identified the +7 mace "Loaluthri" {drain, rElec rC+ Str+2
                  | Int-3}
 34877 | Elf:3    | Reached skill level 20 in Hexes
 35150 | Elf:3    | Reached XP level 17. HP: 95/138 MP: 34/34
 35181 | Elf:3    | Noticed a deep elf blademaster
 35189 | Elf:3    | Killed a deep elf blademaster
 35298 | Elf:3    | Identified the +9 long sword of Viostomyu {drain, rPois
                  | Str+9 Stlth-}
 35379 | Elf:3    | Identified the ring "Loefuwk" {+Inv rElec Str+2 Dex+2
                  | Stlth-}
 35393 | Elf:3    | Noticed a deep elf blademaster
 35402 | Elf:3    | HP: 2/138 [earth elemental[a deep elf elementalist] (10)]
 35784 | Elf:3    | Found Aliytrec's Distillery.
 35813 | Elf:3    | Identified the +3 leather armour "Coaminekh" {rC+}
 35815 | Elf:3    | Reached skill level 21 in Hexes
 35853 | Elf:3    | Killed a deep elf blademaster
 36056 | Elf:3    | Identified Gekesteq's Catalogue of Dusty Creation
 36215 | Elf:3    | Bought a potion of haste for 150 gold pieces
 36215 | Elf:3    | Bought a potion of agility for 60 gold pieces
 36215 | Elf:3    | Bought a potion of curing for 45 gold pieces
 36215 | Elf:3    | Bought a potion of ambrosia for 120 gold pieces
 36215 | Elf:3    | Bought a potion of curing for 45 gold pieces
 36215 | Elf:3    | Bought a potion of might for 60 gold pieces
 36215 | Elf:3    | Bought a potion of cancellation for 120 gold pieces
 36215 | Elf:3    | Bought a potion of flight for 45 gold pieces
 36215 | Elf:3    | Bought a potion of berserk rage for 75 gold pieces
 36215 | Elf:3    | Bought 3 potions of lignification for 135 gold pieces
 36280 | Elf:3    | Learned a level 2 spell: Blink
 36283 | Elf:3    | Learned a level 2 spell: Sublimation of Blood
 36288 | Elf:3    | Learned a level 3 spell: Regeneration
 36496 | Shoals:1 | Entered Level 1 of the Shoals
 36787 | Shoals:1 | Reached skill level 1 in Necromancy
 37773 | Shoals:2 | Noticed Donald
 37791 | Shoals:2 | Killed Donald
 39095 | Shoals:4 | Entered Level 4 of the Shoals
 39580 | Shoals:4 | Got a dull robe
 39902 | Shoals:4 | Noticed Polyphemus
 39976 | Shoals:4 | Killed Polyphemus
 40386 | Shoals:4 | Identified the cursed +0 robe "Paestier" {-Cast Regen+
                  | Str+5} (You found it on level 4 of the Shoals)
 40742 | Shoals:4 | Reached skill level 10 in Fighting
 40745 | Shoals:4 | Reached skill level 10 in Spellcasting
 40746 | Shoals:4 | Reached XP level 18. HP: 137/147 MP: 37/37
 40836 | Shoals:4 | Got a barnacled rune of Zot
 40904 | Shoals:2 | Got a smoking rapier
 40906 | Shoals:2 | Identified the cursed +1 rapier of the Eternal Warrior
                  | {elec, rPois} (You found it on level 2 of the Shoals)
 41133 | Spider:1 | Noticed Kirke
 41180 | Spider:1 | Killed Kirke
 42424 | Spider:3 | Noticed Aizul
 42762 | Spider:3 | Killed Aizul
 43724 | Spider:4 | Entered Level 4 of the Spider Nest
 44165 | D:15     | Found a staircase to the Depths.
 44969 | D:15     | Noticed Roxanne
 44974 | D:15     | Killed Roxanne
 44989 | D:15     | Learned a level 6 spell: Statue Form
 45082 | Depths:1 | Entered Level 1 of the Depths
 45139 | Depths:1 | Found Ape Faf's Armour Shop.
 45242 | Depths:1 | Bought a +1 pair of boots of stealth for 313 gold pieces
 45347 | Depths:1 | Found a gateway to Hell.
 45348 | Depths:1 | Found Hexifi's Antique Weapon Emporium.
 45482 | Depths:1 | Found Otsushrif's Assorted Antiques.
 45569 | Depths:1 | Reached skill level 15 in Earth Magic
 45648 | Depths:1 | Bought a scroll of teleportation for 63 gold pieces
 45648 | Depths:1 | Bought a scroll of teleportation for 63 gold pieces
 45648 | Depths:1 | Bought a potion of mutation for 168 gold pieces
 46170 | Depths:2 | Noticed a lich
 46172 | Depths:2 | Killed a lich
 46549 | Depths:2 | Found a runed translucent gate.
 46549 | Depths:2 | Noticed Jeurphysk's ghost (adept GrEE)
 47286 | Depths:2 | Found a shattered altar of Ashenzari.
 47352 | Depths:2 | Found a runed translucent gate.
 47352 | Depths:2 | Found a runed translucent gate.
 47692 | Depths:2 | Reached skill level 1 in Translocations
 47968 | Depths:2 | Noticed a caustic shrike
 47975 | Depths:2 | HP: 7/149 [something (7)]
 47976 | Depths:2 | Demolished by a caustic shrike

Levels and vault maps discovered:
D:1:      mrwooster_arrival_statue_2, layout_basic
D:2:      layout_loops_ring
D:3:      layout_basic, grunt_temple_overflow_octagram
D:4:      kb_forest_paths, layout_basic, okawaru_metal_pillars_1_2,
          first_ration, serial_shops, nicolae_shop_statue_plus,
          due_unseen_surprise, uniq_blork_the_orc
D:5:      layout_loops_ring, minmay_temple_entry_wispy, serial_shops,
          shop_scrolls
D:6:      layout_rooms, old_standard_altar, chequers_serial_rivers_micro_a
D:7:      layout_layer_cave, kennysheep_mini_moat, uniq_crazy_yiuf_cottage
D:8:      layout_cave_pods, lemuel_round_altar, old_standard_altar,
          dpeg_lair_monsters, basic_altar, david_nohive_1, uniq_gastronok,
          uniq_erica
D:9:      layout_basic, lemuel_crystal_altar, uniq_joseph
D:10:     layout_basic, david_orc_2, serial_shops, shop_fountains,
          nicolae_shop_window_shopping
D:11:     layout_roguey, kennysheep_kite_vault
D:12:     layout_roguey
D:13:     layout_loops_ring, david_vaults_1, special_room [special_room_orc],
          kennysheep_opposing_triangles, uniq_snorg, uniq_jorgrun, uniq_azrael
D:14:     layout_roguey, minmay_curled_crystal
D:15:     gammafunk_enter_depths_forms, layout_loops_ring,
          portal_ice_cave_demonic_guard, minivault_10, uniq_roxanne
Lair:1:   dragon1_lemuel, layout_regular_city, gammafunk_ghost_ooze,
          guppyfry_lair_drakes
Lair:2:   layout_hall_layers, minmay_shoals_entry_beasts, spider_nest_entry_a,
          serial_bayou_lagoon_a
Lair:3:   layout_regular_city, gauntlet_entry_generic, grunt_megastairs_3
Lair:4:   layout_gridlike, tgw_fedhas
Lair:5:   layout_gridlike, slime_altar_1
Lair:6:   grunt_lair_end_beastmaster, layout_cave_shapes
Shoals:1: layout_shoals, serial_shops, shop, dpeg_stationary_puzzle
Shoals:2: layout_shoals, nicolae_shoals_loop_pool, uniq_donald
Shoals:3: layout_shoals, nicolae_shoals_arrival_archipelago
Shoals:4: shoals_end_grunt_ice, layout_shoals, uniq_polyphemus
Spider:1: nicolae_spider_mines_1, drop_trap, uniq_kirke
Spider:2: layout_spider_delve
Spider:3: layout_chambers, uniq_aizul
Spider:4: grunt_spider_rune_parallel
Orc:1:    layout_diamond_mine, nicolae_orc_rockfall
Orc:2:    st_orc_ogre_mass, layout_caves, statue_in_the_mist_lemuel, uniq_sonja
Elf:1:    layout_geoelf_grid, portal_desolation_entry_garden, minivault_28
Elf:2:    layout_gridlike, minmay_shoptagon
Elf:3:    minmay_elf_hall_four_x, layout_loops_ring, serial_shops,
          nicolae_shop_statue_plus
Depths:1: layout_cross, dk_noncrumbling_4, serial_shops, shop_fountains,
          shop_statue, hell_entry, corner_web_ring, kilobyte_mutagenic_chamber,
          infiniplex_staircase_pool_lava, minmay_shop_star
Depths:2: minmay_isolated_rectangles_in_corner, layout_cave_pools,
          ashenzari_altar_1, hell_entry, ebering_ghost_rock_garden,
          infiniplex_staircase_zigzag_3

Skill      XL: |  1  2  3  4  5  6  7  8  9 10 11 12 13 14 15 16 17 18 |
---------------+-------------------------------------------------------+-----
Dodging        | 2 3 4 5 6 7 8 9 |  9.6
Earth Magic    | 3 4 5 6 7 9 10 12 13 15 | 15.8
Spellcasting   | 2 3 4 5 6 7 8 10 11 | 11.1
Fighting       | 1 2 3 4 6 7 8 9 10 | 10.4
Hexes          | 3 11 14 17 20 21 | 21.1
Necromancy     | 3 4 |  4.4
Translocations | 1 |  1.1
Stealth        | |  1.7
Transmutations | |  0.8

Action                   |  1- 3 |  4- 6 |  7- 9 | 10-12 | 13-15 | 16-18 || total
-------------------------+-------+-------+-------+-------+-------+-------++-------
Melee: Short sword       |   110 |   145 |   109 |   230 |       |       ||   594
       Spear             |       |       |       |   119 |   429 |       ||   548
       Lajatang          |       |       |       |       |   209 |   193 ||   402
       Staff             |       |       |       |       |     8 |       ||     8
Throw: Stone             |       |       |       |       |     1 |     1 ||     2
 Cast: Sandblast         |    24 |    84 |   124 |   186 |    44 |    82 ||   544
       Passwall          |       |     2 |       |       |       |       ||     2
       Lee's Rapid Decon |       |       |     3 |   116 |   239 |   384 ||   742
       Stone Arrow       |       |       |       |    85 |   279 |   286 ||   650
       Petrify           |       |       |       |       |    32 |    32 ||    64
       Discord           |       |       |       |       |     7 |   112 ||   119
       Blink             |       |       |       |       |       |   129 ||   129
Evoke: Wand              |       |       |       |    14 |    15 |     5 ||    34
       Lamp of fire      |       |       |       |       |     2 |     3 ||     5
  Use: Potion            |     4 |       |     1 |     3 |    17 |    10 ||    35
       Scroll            |       |     7 |    10 |    16 |    26 |    27 ||    86
 Stab: Sleeping          |     4 |     5 |     2 |     5 |     6 |       ||    22
       Distracted        |       |       |     1 |     2 |     1 |     1 ||     5
       Petrified         |       |       |       |       |     8 |       ||     8
  Eat: Chunk             |     9 |    14 |    12 |    44 |    76 |    22 ||   177
       Ration            |       |       |       |       |     1 |    34 ||    35
Armor: Robe              |    33 |    21 |    37 |    48 |       |       ||   139
       Troll leather arm |       |       |       |    82 |   294 |   235 ||   611
Dodge: Dodged            |   117 |   141 |   135 |   459 |  1101 |   841 ||  2794

Table legend:
 A = Non-vault XP
 B = Vault XP
 C = Vault XP percentage of total XP
 D = Non-vault monster count
 E = Vault monster count
 F = Vault count percentage of total count
                 A         B        C        D         E       F
            +---------+---------+-------+---------+---------+-------
      Total |  240289 |  192407 |  44.5 |     979 |     379 |  27.9
            +---------+---------+-------+---------+---------+-------
        D:1 |      32 |       0 |   0.0 |      22 |       0 |   0.0
        D:2 |     147 |       0 |   0.0 |      26 |       0 |   0.0
        D:3 |     121 |       0 |   0.0 |      33 |       0 |   0.0
        D:4 |     305 |      99 |  24.5 |      18 |       1 |   5.3
        D:5 |     627 |       0 |   0.0 |      25 |       0 |   0.0
        D:6 |    1174 |       0 |   0.0 |      23 |       0 |   0.0
        D:7 |     810 |     100 |  11.0 |      28 |       2 |   6.7
        D:8 |    1277 |    7218 |  85.0 |      19 |      28 |  59.6
        D:9 |    1062 |     445 |  29.5 |      17 |       1 |   5.6
       D:10 |    3910 |     288 |   6.9 |      41 |       8 |  16.3
       D:11 |    3493 |    4629 |  57.0 |      37 |      16 |  30.2
       D:12 |    3330 |       0 |   0.0 |      25 |       0 |   0.0
       D:13 |    7743 |   11762 |  60.3 |      44 |      41 |  48.2
       D:14 |    7344 |       0 |   0.0 |      35 |       0 |   0.0
       D:15 |    9416 |    5125 |  35.2 |      45 |      14 |  23.7
     Lair:1 |    1483 |    2017 |  57.6 |      10 |       3 |  23.1
     Lair:2 |    7238 |    1080 |  13.0 |      22 |       3 |  12.0
     Lair:3 |    2401 |    1368 |  36.3 |      10 |       8 |  44.4
     Lair:4 |    1749 |     542 |  23.7 |       8 |       1 |  11.1
     Lair:5 |    8843 |       0 |   0.0 |      26 |       0 |   0.0
     Lair:6 |    7660 |    9020 |  54.1 |      23 |      16 |  41.0
   Shoals:1 |    9701 |     565 |   5.5 |      25 |       1 |   3.8
   Shoals:2 |   11190 |    1889 |  14.4 |      28 |       1 |   3.4
   Shoals:3 |    4711 |    1120 |  19.2 |      15 |       1 |   6.2
   Shoals:4 |    8855 |   15215 |  63.2 |      29 |      38 |  56.7
   Spider:1 |   14199 |    4256 |  23.1 |      60 |      11 |  15.5
   Spider:2 |    4935 |       0 |   0.0 |      29 |       0 |   0.0
   Spider:3 |   11592 |    1537 |  11.7 |      27 |       1 |   3.6
   Spider:4 |    1032 |     328 |  24.1 |       9 |       3 |  25.0
      Orc:1 |    2306 |       0 |   0.0 |      14 |       0 |   0.0
      Orc:2 |    3472 |   17668 |  83.6 |      38 |      38 |  50.0
      Elf:1 |   19592 |    9349 |  32.3 |      31 |      13 |  29.5
      Elf:2 |    7817 |   22041 |  73.8 |      15 |      27 |  64.3
      Elf:3 |   30678 |   49497 |  61.7 |      52 |      39 |  42.9
   Depths:1 |   22829 |       0 |   0.0 |      32 |       0 |   0.0
   Depths:2 |   17215 |    8074 |  31.9 |      38 |      11 |  22.4
      IceCv |       0 |    5034 | 100.0 |       0 |      22 | 100.0
 Desolation |       0 |    8179 | 100.0 |       0 |      17 | 100.0
   Gauntlet |       0 |    3962 | 100.0 |       0 |      14 | 100.0
            +---------+---------+-------+---------+---------+-------
